 Seeded DCSS version 0.30-a0-715-gdb4ae3ece1 (webtiles) character file.

Game seed: 20230124 (custom seed)

108 stormannnn the Trooper (level 4, -2/29 HPs)
             Began as a Gargoyle Fighter on Jan 24, 2023.
             Slain by an orc priest
             ... wielding a +0 flail
              (5 damage)
             ... on level 2 of the Dungeon.
             The game lasted 00:02:52 (1482 turns).

stormannnn the Trooper (Gargoyle Fighter)           Turns: 1482, Time: 00:02:52

Health: -2/29      AC: 10    Str: 21    XL:     4   Next: 87%
Magic:  4/4        EV:  9    Int:  9    God:
Gold:   44         SH:  4    Dex:  9    Spells: 3/3 levels left

rFire   + . .      SeeInvis .    a - +0 flail
rCold   + . .      Faith    .    c - +0 buckler
rNeg    + . .      Spirit   .    b - +0 scale mail
rPois   ∞          Reflect  .    (no helmet)
rElec   +          Harm     .    (no cloak)
rCorr   +          Rampage  .    (no gloves)
Will    +....                    (no boots) Stlth
                                 (no amulet)
HPRegen 0.24/turn                j - ring of willpower
MPRegen 0.09/turn                (no ring)

@: resistant
A: sickness immunity, AC +3, negative energy resistance 1, electricity
resistance, torment resistance 1, petrification resistance
a: no special abilities


You were on level 2 of the Dungeon.
You visited 1 branch of the dungeon, and saw 2 of its levels.

You collected 44 gold pieces.

Inventory:

Hand Weapons
 a - a +0 flail (weapon)
Armour
 b - a +0 scale mail (worn)
 c - a +0 buckler (worn)
Jewellery
 j - a ring of willpower (left hand)
Scrolls
 e - 2 scrolls of fear {unknown}
 g - 2 scrolls of identify {unknown}
 h - a scroll of immolation {unknown}
Potions
 d - a potion of might
 f - a potion of resistance
 i - a potion of curing {unknown}
 k - 2 potions of flight {unknown}
 l - a potion of heal wounds {unknown}
 m - a potion of invisibility {unknown}
 n - a potion of attraction {unknown}


   Skills:
 + Level 4.3 Fighting
 * Level 4.1 Maces & Flails
 - Level 3.2 Armour
 - Level 3.2 Shields


You had 3 spell levels left.
You didn't know any spells.
Your spell library contained the following spells:

 Spells                   Type           Power      Damage    Failure   Level
 Vhi's Electric Charge    Tloc/Air       0%         N/A       99%         3
 Arcjolt                  Conj/Air       0%         1d10      100%        5
 Maxwell's Capacitive Co  Air            0%         ∞         100%        8


Dungeon Overview and Level Annotations

Branches:
Dungeon (2/15)

Altars:


Innate Abilities, Weirdness & Mutations

You are immune to sickness and miasma.
Your stone body is resilient. (AC +3)
You are immune to poison.
You resist negative energy. (rN+)
You are resistant to electric shocks. (rElec)
You are resistant to unholy torment.
You are immune to petrification.


Message History

No target in view!
No target in view!
No target in view!
No target in view!
An orc priest and 2 orcs come into view.
The orc shouts!
There are monsters nearby!
You sock the orc!
You kill the orc!
Things that are here:
a +0 short sword; 14 gold pieces You closely miss the orc.
The orc hits you with a +0 whip.
You barely miss the orc priest.
The orc priest looks encouraged for a moment.
The orc hits you but does no damage.
You hit the orc priest but do no damage.
The orc priest barely misses you. The orc hits you but does no damage.
You closely miss the orc priest.
The orc priest hits you with a +0 flail.
The orc hits you but does no damage.
The orc priest calls down the wrath of Beogh upon you.
You resist with some effort. You block the orc's attack.
You hit the orc priest.
The orc priest is lightly wounded.
The orc priest calls down the wrath of Beogh upon you.
Beogh smites you! The orc hits you with a +0 whip.
You barely miss the orc priest.
The orc priest is lightly wounded.
The orc priest hits you with a +0 flail.
* * * LOW HITPOINT WARNING * * *
The orc barely misses you.
It was a potion of resistance.
You feel protected. The orc priest barely misses you.
The orc hits you but does no damage.
You hit the orc priest.
The orc priest is moderately wounded.
The orc hits you with a +0 whip.
* * * LOW HITPOINT WARNING * * *
The orc priest hits you with a +0 flail.
You die...

##### ....# ## ###.# ..
#...# .# ..#.# .### #...#
...#### ##..# ##.#....#####
#..# #...........##
##..####.#.....o@#..##
.........#......o#...#####.#
.........#.......#.........#
.#..####.#.......#...#####.#
......)..#.......#...#
.######).#.......#...# .#
#..#.......#...# ##
#..##.....##.#.#####.# #
#..###.⌠.###.##......#


You could see an orc priest and an orc.

Vanquished Creatures
  An orc wizard (D:2)
  3 adders (D:2)
  2 worms (D:2)
  A dart slug (D:1)
  2 orcs (D:2)
  4 ball pythons
  A bat (D:1)
  7 endoplasms
  A giant cockroach (D:1)
  3 goblins (D:1)
  A hobgoblin (D:2)
  6 jackals (D:1)
  6 kobolds
  A frilled lizard (D:2)
  3 rats (D:2)
42 creatures vanquished.

Notes
Turn   | Place    | Note
-------+----------+-------------------------------------------
     0 | D:1      | stormannnn the Gargoyle Fighter began the quest for the
                  | Orb.
     0 | D:1      | Reached XP level 1. HP: 14/14 MP: 1/1
   179 | D:1      | Reached XP level 2. HP: 15/19 MP: 2/2
   319 | D:1      | Reached XP level 3. HP: 20/24 MP: 3/3
   458 | D:1      | Found a faded altar of an unknown god.
   842 | D:2      | Reached XP level 4. HP: 29/29 MP: 4/4
  1482 | D:2      | Slain by an orc priest

Illustrated notes

Levels and vault maps discovered:
D:1:      dpeg_arrival_rhombi, layout_rooms,
          hellmonk_ecumenical_altar_crossroads, minmay_misc_feat_alley,
          kennysheep_small_spiral, serial_bayou_pond_b
D:2:      cheibrodos_pilgrimage, layout_loops_ring, corexii_hall_statues_l,
          roderic_lattice_a, uniq_natasha

Skill      XL: |  1  2  3  4 |
---------------+-------------+-----
Maces & Flails | 3 4 |  4.1
Fighting       | 4 |  4.3
Armour         | |  3.2
Shields        | |  3.2

Action                     |  1- 3 |  4- 6 || total
---------------------------+-------+-------++-------
  Melee: Flail             |   108 |    66 ||   174
    Use: Potion            |       |     1 ||     1
 Armour: Scale mail        |    61 |    32 ||    93
  Dodge: Dodged            |    57 |    31 ||    88
  Block: Buckler           |    21 |     7 ||    28

Table legend: (Time is in decaauts)
 A = Elapsed time spent in this place.
 B = Non-inter-level travel time spent in this place.
 C = Inter-level travel time spent in this place.
 D = Time resting spent in this place.
 E = Time spent auto-exploring this place.
 F = Levels seen in this place.
 G = Mean time per level.
                   A        B        C        D        E       F      G
               +--------+--------+--------+--------+--------+-----+--------+
         Total |   1533 |   1507 |     26 |    154 |    962 |   2 |  766.5 |
       Dungeon |   1533 |   1507 |     26 |    154 |    962 |   2 |  766.5 |
               +--------+--------+--------+--------+--------+-----+--------+

Top non-repeatable levels by time:
     D:2: 802 daAuts
     D:1: 730 daAuts
